 Dungeon Crawl Stone Soup version 0.24-a0-525-g9231cdcba1 (webtiles) character file.

Game seed: 4111935852056539951

57 Peloso the Covered (level 3, 0/33 HPs)
             Began as a Minotaur Fighter on Aug 3, 2019.
             Killed by nerve-wracking pain
             ... invoked by an orc priest
              (8 damage)
             ... on level 3 of the Dungeon.
             The game lasted 00:03:13 (1590 turns).

Peloso the Covered (Minotaur Fighter)               Turns: 1590, Time: 00:03:14

Health: 0/33       AC:  7    Str: 20    XL:     3   Next: 73%
Magic:  2/2        EV:  7    Int:  5    God:
Gold:   110        SH:  9    Dex: 10    Spells: 2/2 levels left

rFire    . . .     SeeInvis .   a - +0 long sword
rCold    . . .     Gourm    .   c - +0 shield
rNeg     . . .     Faith    .   b - +0 scale mail
rPois    .         Spirit   .   (helmet restricted)
rElec    .         Reflect  .   (no cloak)
rCorr    .         Harm     .   (no gloves)
MR       .....                  (no boots)
Stlth    ..........             (no amulet)
HPRegen  0.11/turn              (no ring)
MPRegen  0.08/turn              (no ring)

@: starving
A: retaliatory headbutt, horns 2
a: no special abilities


You were on level 3 of the Dungeon.
You were starving.

You visited 1 branch of the dungeon, and saw 3 of its levels.

You collected 110 gold pieces.

Inventory:

Hand Weapons
 a - a +0 long sword (weapon)
Armour
 b - a +0 scale mail (worn)
 c - a +0 shield (worn)
Jewellery
 h - an uncursed amulet of faith {unknown}
Scrolls
 e - 3 scrolls of fog {unknown}
 j - 4 scrolls of identify {unknown}
 k - a scroll of fear {unknown}
 l - a scroll of noise {unknown}
 m - a scroll of immolation {unknown}
Potions
 d - 2 potions of might
 g - a potion of lignification {unknown}
 i - a potion of curing {unknown}
Comestibles
 f - 5 rations


   Skills:
 + Level 4.1 Fighting
 + Level 3.1 Long Blades
 + Level 4.3 Armour
 + Level 0.9 Dodging
 + Level 4.1 Shields


You had 2 spell levels left.
You didn't know any spells.
Your spell library was empty.

Dungeon Overview and Level Annotations

Branches:
Dungeon (3/15)

Altars:
Gozag
Zin


Innate Abilities, Weirdness & Mutations

You reflexively headbutt those who attack you in melee.
You have a pair of horns on your head.


Message History

You barely miss the orc priest.
The orc priest is moderately wounded.
You block the orc priest's attack. The orc barely misses you.
You furiously retaliate!
You headbutt the orc.
You riposte.
You hit the orc.
You kill the orc!
You block the orc's attack.
Unknown command.
Your shield and scale mail prevent you from hitting the orc priest.
The orc priest is moderately wounded.
The orc priest barely misses you.
You riposte.
You hit the orc priest but do no damage.
Your headbutt misses the orc priest.
The orc priest is moderately wounded.
You block the orc's attack.
You hit the orc priest but do no damage.
The orc priest is moderately wounded.
The orc priest complains noisily.
The orc priest mumbles some strange prayers to Beogh against you.
Pain shoots through your body!
You die...

# ##########..
...........
#####.#........
#...<..##.....
#.#.##.()#o#..
#.......)@#.#
###......o.#
#####....#
#.....#
#......#
#........
#.........
#......##..
#.....#.##.


You could see an orc priest and an orc.

Vanquished Creatures
  An adder (D:2)
  2 dart slugs
  A leopard gecko (D:1)
  2 orcs (D:3)
  2 giant cockroaches (D:2)
  5 hobgoblins
  4 jackals (D:1)
  7 kobolds
  A quokka (D:3)
  A ball python (D:3)
  4 bats
  A frilled lizard (D:2)
  3 goblins
  6 rats
40 creatures vanquished.

Notes
Turn   | Place    | Note
-------+----------+-------------------------------------------
     0 | D:1      | Peloso the Minotaur Fighter began the quest for the Orb.
     0 | D:1      | Reached XP level 1. HP: 19/19 MP: 0/0
   121 | D:1      | Reached XP level 2. HP: 26/27 MP: 1/1
   858 | D:2      | Found an opulent altar of Gozag.
   881 | D:2      | Reached XP level 3. HP: 33/33 MP: 2/2
  1058 | D:2      | Found a glowing silver altar of Zin.
  1590 | D:3      | Killed from afar by an orc priest

Levels and vault maps discovered:
D:1:      dpeg_arrival_solitude, layout_basic, hangedman_decor_push
D:2:      layout_basic, lemuel_round_altar, lemuel_doored_altar
D:3:      layout_basic, gammafunk_temple_overflow_claw,
          minmay_misc_feat_secret_circle

Skill      XL: |  1  2 |
---------------+-------+-----
Armour         | 4 |  4.3
Shields        | 4 |  4.1
Fighting       | 4 |  4.1
Long Blades    | 3 |  3.1
Dodging        | |  0.9

Action                   || total
-------------------------++-------
Melee: Long sword        ||    94
       Headbutt          ||     7
Armor: Scale mail        ||    76
Dodge: Dodged            ||    46
Block: Shield            ||    84
       Rpst.: Long sword ||    11

Table legend:
 A = Non-vault XP
 B = Vault XP
 C = Vault XP percentage of total XP
 D = Non-vault monster count
 E = Vault monster count
 F = Vault count percentage of total count
                 A         B        C        D         E       F
            +---------+---------+-------+---------+---------+-------
      Total |      82 |       0 |   0.0 |      40 |       0 |   0.0
            +---------+---------+-------+---------+---------+-------
        D:1 |      30 |       0 |   0.0 |      18 |       0 |   0.0
        D:2 |      37 |       0 |   0.0 |      15 |       0 |   0.0
        D:3 |      15 |       0 |   0.0 |       7 |       0 |   0.0
            +---------+---------+-------+---------+---------+-------
